 Dungeon Crawl Stone Soup version 0.28-a0-657-g71136c5590 (webtiles) character file.

Game seed: 12439584445034337920

951 Johnny the Chiller (level 7, -5/91 HPs)
             Began as a Black Draconian Ice Elementalist on Oct 13, 2021.
             Slain by an iguana (7 damage)
             ... on level 6 of the Dungeon.
             The game lasted 00:04:35 (6024 turns).

Johnny the Chiller (DrIE)                           Turns: 6024, Time: 00:04:36

Health: -5/91      AC: 23    Str: 11    XL:     7   Next: 90%
Magic:  5/14       EV:  2    Int: 17    God:
Gold:   253        SH:  0    Dex: 11    Spells: 9/16 levels left

rFire   . . .      SeeInvis .   p - +3 dagger
rCold   . . .      Faith    .   (no shield)
rNeg    . . .      Spirit   .   (armour unavailable)
rPois   +          Reflect  .   (helmet currently unavailable)
rElec   .          Harm     .   (cloak currently unavailable)
rCorr   .          Rampage  .   (gloves currently unavailable)
Will    .....      NoTele   +   (boots currently unavailable)
Stlth   ++........              (no amulet)
HPRegen 0.25/turn               (no ring)
MPRegen 0.14/turn               (no ring)

@: tree-form, freezing walls
A: stationary, stasis, torment immunity, boosted hp, (breathe lightning), AC +6,
unfitting armour, (electricity resistance), (cold-blooded)
a: no special abilities


You were on level 6 of the Dungeon.
You were a tree.
You visited 1 branch of the dungeon, and saw 6 of its levels.

You collected 253 gold pieces.

Inventory:

Hand Weapons
 b - a +0 short sword
 p - a +3 dagger (weapon)
Armour
 i - a +0 pair of boots (melded)
 t - a +0 buckler
Jewellery
 n - an amulet of regeneration
Scrolls
 g - 3 scrolls of immolation {unknown}
 h - 6 scrolls of identify {unknown}
 j - a scroll of vulnerability {unknown}
 q - a scroll of enchant weapon {unknown}
 s - a scroll of magic mapping {unknown}
Potions
 a - 2 potions of cancellation
 c - 2 potions of lignification
 d - 2 potions of heal wounds {unknown}
 e - a potion of haste {unknown}
 f - 3 potions of curing {unknown}
 k - 3 potions of degeneration {unknown}
 l - 2 potions of attraction {unknown}
 m - a potion of brilliance {unknown}
 o - 2 potions of invisibility {unknown}
 r - a potion of mutation {unknown}


   Skills:
 + Level 5.5 Fighting
 - Level 1.7 Dodging
 - Level 1.7 Stealth
 + Level 5.1 Spellcasting
 + Level 6.6 Ice Magic


You had 9 spell levels left.
You knew the following spells:

 Your Spells              Type           Power      Damage    Failure   Level
a - Freeze                Ice            100%       1d11      1%          1
b - Frozen Ramparts       Ice            52%        1d7       2%          3
c - Ozocubu's Armour      Ice            26%        N/A       2%          3

Your spell library contained the following spells:

 Spells                   Type           Power      Damage    Failure   Level
 Hailstorm                Conj/Ice       15%        3d5       34%         4
 Ignite Poison            Fire/Tmut/Pois 4%         N/A       38%         3
 Mephitic Cloud           Conj/Pois/Air  4%         N/A       38%         3
 Freezing Cloud           Conj/Ice/Air   5%         6-21      85%         5


Dungeon Overview and Level Annotations

Branches:
Dungeon (6/15)
 Temple: D:4-7

Altars:

Shops:
D:4 =

Annotations:
D:6 2 transporters, Riddle's ghost, novice GnFi


Innate Abilities, Weirdness & Mutations

You are a tree.
Your roots penetrate the ground, keeping you stationary.
You cannot be teleported.
You are immune to unholy pain and torment.
Your maximum health is greatly increased.
Your equipment is partially melded.
((You can breathe wild blasts of lightning.))
((Your glossy black scales are hard. (AC +6)))
You cannot fit into any form of body armour.
((You are resistant to electric shocks. (rElec)))
((You are cold-blooded and may be slowed by cold attacks.))


Message History

The bullfrog zombie completely resists.
The wall freezes the bullfrog zombie but does no damage.
The bullfrog zombie hits you.
* * * LOW HITPOINT WARNING * * *
The wall freezes the iguana.
The iguana seems to slow down.
The iguana bites you!
* * * LOW HITPOINT WARNING * * *
The bullfrog zombie completely resists.
The wall freezes the bullfrog zombie but does no damage.
The bullfrog zombie barely misses you.
Casting: Frozen Ramparts (dangerous; 2% risk of failure)
Confirm with . or Enter, or press ? or * to list all spells.
A film of ice covers your body!
The bullfrog zombie completely resists.
The wall freezes the bullfrog zombie but does no damage.
The bullfrog zombie hits you but does no damage.
The wall freezes the iguana!
The iguana completely misses you.
It was a potion of cancellation.
Your magical effects are unravelling.
You feel magically purged.
Your icy armour evaporates.
The frozen ramparts melt away.
The bullfrog zombie closely misses you.
It was a potion of lignification.
You turn into a tree.
Your +0 pair of boots melds into your body.
Your roots penetrate the ground.
The bullfrog zombie hits you but does no damage.
The iguana bites you but does no damage.
The bullfrog zombie hits you but does no damage.
Okay, then.
Casting: Ozocubu's Armour (mildly dangerous; 2% risk of failure)
Confirm with . or Enter, or press ? or * to list all spells.
Casting: Frozen Ramparts (mildly dangerous; 2% risk of failure)
Press: ? - help, Dir - look around, f - activate The walls around you are covered in ice.
The iguana is no longer moving slowly.
The bullfrog zombie completely resists.
The wall freezes the bullfrog zombie but does no damage.
The bullfrog zombie hits you.
* * * LOW HITPOINT WARNING * * *
The wall freezes the iguana.
The iguana seems to slow down.
The iguana bites you!
You die...

.. ..##.. .# ...#..
..# ....... ..
....... #.# ...##..
..# .. ....##.##Z#
..## # #....l♣.#
...# ... #.....###
.... ..###.#.....##
...###......##.....#
##>..##.....###....#
##...#............##
................###
#..##.......#.####
#.###..######.#..#


You could see an iguana (slow) and a bullfrog zombie.

Vanquished Creatures
  Sigmund (D:2)
  A sky beast (D:5)
  3 ogres (D:5)
  A bullfrog (D:6)
  A scorpion (D:5)
  An orc priest (D:4)
  A centaur skeleton (D:6)
  2 bullfrog zombies
  A hound (D:5)
  2 iguanas
  2 howler monkey zombies (D:6)
  3 adders
  A shadow imp (D:5)
  A white imp (D:6)
  An adder skeleton (D:4)
  A worm (D:2)
  3 dart slugs
  2 orcs (D:4)
  7 bats
  4 endoplasms
  3 giant cockroaches
  6 goblins
  8 hobgoblins
  A jackal (D:3)
  3 kobolds
  2 quokkas
  6 ball pythons
  3 frilled lizards
  A rat (D:1)
72 creatures vanquished.

Vanquished Creatures (others)
  8 plants (D:3)
8 creatures vanquished.

Grand Total: 80 creatures vanquished

Notes
Turn   | Place    | Note
-------+----------+-------------------------------------------
     0 | D:1      | Johnny the Draconian Ice Elementalist began the quest for
                  | the Orb.
     0 | D:1      | Reached XP level 1. HP: 14/14 MP: 3/3
   630 | D:1      | Reached XP level 2. HP: 17/22 MP: 5/5
   858 | D:1      | Reached skill level 1 in Fighting
  1922 | D:2      | Reached XP level 3. HP: 24/28 MP: 6/6
  2389 | D:2      | Noticed Sigmund
  2543 | D:3      | Learned a level 3 spell: Frozen Ramparts
  2547 | D:3      | Learned a level 3 spell: Ozocubu's Armour
  2570 | D:2      | Killed Sigmund
  2571 | D:2      | Reached skill level 5 in Ice Magic
  2571 | D:2      | Reached XP level 4. HP: 14/38 MP: 0/9
  2571 | D:2      | Reached XP level 5. HP: 17/45 MP: 0/10
  3131 | D:3      | Found a faded altar of an unknown god.
  4276 | D:4      | Found Eshref's Jewellery Boutique.
  4278 | D:4      | Noticed an ogre
  4352 | D:5      | Entered Level 5 of the Dungeon
  4537 | D:5      | Noticed an ogre
  4542 | D:5      | Noticed an ogre
  4544 | D:5      | Killed an ogre
  4545 | D:5      | Reached XP level 6. HP: 22/52 MP: 1/11
  4830 | D:5      | Your scales start taking on a glossy black colour.
  4830 | D:5      | Reached XP level 7. HP: 54/60 MP: 5/13
  4830 | D:5      | Gained mutation: You are resistant to electric shocks.
                  | (rElec) [Black Draconian growth]
  5135 | D:5      | Reached skill level 6 in Ice Magic
  5215 | D:5      | Reached skill level 5 in Fighting
  5803 | D:6      | Reached skill level 5 in Spellcasting
  5884 | D:6      | Noticed a vampire
  5885 | D:6      | Found a transporter.
  5886 | D:6      | Found a transporter.
  5887 | D:6      | Noticed Riddle's ghost (novice GnFi)
  5889 | D:6      | Noticed a yak
  6024 | D:6      | HP: 2/91 [bullfrog zombie (5)]
  6024 | D:6      | Slain by an iguana

Illustrated notes

Levels and vault maps discovered:
D:1:      onia_arrival_mini_maze, layout_loops_ring
D:2:      layout_rooms, minivault_14, eino_curves_02, uniq_sigmund
D:3:      layout_loops_corners, hellmonk_ecumenical_altar_lost_god,
          serial_bayou, serial_bayou_shore_a, serial_bayou_ford_a,
          serial_bayou_lagoon_a, serial_bayou_pond_d, serial_bayou_pond_b,
          serial_bayou_pond_e
D:4:      layout_basic, serial_shops, shop
D:5:      layout_basic, minmay_fountain_box, minmay_statues_item
D:6:      layout_cave_pools, minmay_temple_entry_waves, gammafunk_ghost_arena,
          kennysheep_generic_room_7

Skill      XL: |  1  2  3  4  5  6  7 |
---------------+----------------------+-----
Fighting       | 1 3 4 5 |  5.5
Spellcasting   | 3 4 5 |  5.1
Ice Magic      | 5 6 |  6.6
Dodging        | |  1.7
Stealth        | |  1.7

Action                   |  1- 3 |  4- 6 |  7- 9 || total
-------------------------+-------+-------+-------++-------
Melee: Unarmed           |    60 |       |       ||    60
       Tailslap          |    10 |     6 |    15 ||    31
       Short sword       |    79 |    44 |       ||   123
       Dagger            |       |    23 |    81 ||   104
 Cast: Freeze            |    28 |    15 |     4 ||    47
       Frozen Ramparts   |     2 |     3 |     8 ||    13
       Ozocubu's Armour  |       |     3 |     4 ||     7
 Abil: Breathe Lightning |       |       |     1 ||     1
  Use: Potion            |       |       |     2 ||     2
 Stab: Sleeping          |     5 |       |       ||     5
Armor: Skin              |    68 |    22 |    42 ||   132
Dodge: Dodged            |   119 |    54 |    74 ||   247

Table legend: (Time is in decaauts)
 A = Elapsed time spent in this place.
 B = Non-inter-level travel time spent in this place.
 C = Inter-level travel time spent in this place.
 D = Time resting spent in this place.
 E = Time spent auto-exploring this place.
 F = Levels seen in this place.
 G = Mean time per level.
                   A        B        C        D        E       F      G
               +--------+--------+--------+--------+--------+-----+--------+
         Total |   6083 |   5914 |    169 |    406 |   4633 |   6 | 1013.8 |
       Dungeon |   6083 |   5914 |    169 |    406 |   4633 |   6 | 1013.8 |
               +--------+--------+--------+--------+--------+-----+--------+

Top non-repeatable levels by time:
     D:1: 1783 daAuts
     D:5: 1113 daAuts
     D:3: 1067 daAuts
     D:2: 990 daAuts
     D:4: 759 daAuts
     D:6: 369 daAuts
